AoeStats
← PALITOMAN

Lombardia

508979087Analyzed
3v3 RM · 8d ago on Sep 24, 2026· 54m 39s· 6 players
Game mode
Random Map
Map size
Normal (6 player)
Population
200
Speed
Normal
Resources
Standard
Victory
Conquest
Starting age
Dark Age
Ending age
Imperial Age
RankedLock teamsTeams togetherTeam positionsShared explorationLock speedFull tech treeHidden civsTurbo modeCheats
Victory
Defeat
1200
+14
🇨🇱 Persians · Chile
1165
+16
🇨🇱 Italians · Chile
1150
+16
🇦🇷 Georgians · Argentina
1172
-16
🇺🇸 Poles · United States
1157
-15
🇪🇸 Spanish · Spain
1138
-15
ELTRAVERO
8:46 Loom
11:00 Feudal Age
11:52 Double-Bit Axe
19:05 Horse Collar
21:41 Scale Barding Armor
22:28 Wheelbarrow
22:12 Scale Mail Armor
22:22 Forging
22:31 Gold Mining
22:32 Stone Mining
26:36 Castle Age
26:41 Pikeman
27:21 Squires
30:15 Bloodlines
30:05 Husbandry
31:30 Arson
32:10 Bow Saw
32:25 Chain Mail Armor
32:45 Iron Casting
32:44 Fervor
34:30 Heavy Plow
38:50 Imperial Age
37:17 Hand Cart
37:43 Town Watch
41:28 Caravan
41:24 Halberdier
42:40 Conscription
45:46 Plate Mail Armor
48:56 Fletching
49:06 Padded Archer Armor
49:13 Scale Barding Armor
50:08 Blast Furnace
51:37 Chemistry
50:18 Treadmill Crane
BittenDork
4:02 Loom
11:37 Feudal Age
12:05 Horse Collar
12:17 Double-Bit Axe
18:28 Castle Age
17:38 Bloodlines
19:33 Bow Saw
20:20 Heavy Plow
23:44 Wheelbarrow
28:45 Imperial Age
27:44 Szlachta Privileges
27:57 Scale Barding Armor
28:10 Husbandry
29:07 Chain Barding Armor
29:56 Crop Rotation
29:00 Cavalier
30:39 Conscription
30:35 Forging
32:39 Hand Cart
33:37 Iron Casting
33:34 Capped Ram
36:05 Blast Furnace
36:41 Light Cavalry
41:08 Winged Hussar
42:17 Lechitic Legacy
51:43 Padded Archer Armor
51:58 Fletching
52:08 Elite Skirmisher
55:00 Bodkin Arrow
PALITOMAN
3:46 Loom
11:20 Feudal Age
18:55 Castle Age
17:28 Double-Bit Axe
19:45 Bloodlines
20:12 Horse Collar
21:27 Husbandry
21:41 Bow Saw
24:38 Fletching
27:15 Padded Archer Armor
27:22 Scale Barding Armor
29:20 Chain Barding Armor
29:17 Forging
30:19 Bodkin Arrow
31:52 Wheelbarrow
31:24 Elite Skirmisher
36:59 Imperial Age
34:47 Hand Cart
35:32 Leather Archer Armor
34:56 Light Cavalry
36:08 Heavy Plow
36:44 Gold Mining
37:49 Bracer
38:20 Ring Archer Armor
37:48 Stone Mining
38:59 Two-Man Saw
38:26 Conscription
38:30 Ballistics
39:11 Chemistry
40:49 Iron Casting
40:35 Chain Barding Armor
39:40 Pikeman
39:42 Hussar
40:26 Halberdier
41:11 Scale Mail Armor
[HK2] Shin - El Macaulay Culkin
10:50 Feudal Age
15:51 Castle Age
13:54 Double-Bit Axe
23:20 Horse Collar
23:36 Loom
23:53 Gold Mining
24:53 Crossbowman
27:01 Fletching
27:59 Wheelbarrow
28:38 Ballistics
28:15 Bodkin Arrow
29:26 Padded Archer Armor
30:31 Heavy Plow
30:21 Town Watch
31:33 Thumb Ring
33:03 Leather Archer Armor
38:34 Imperial Age
36:21 Hand Cart
36:39 Masonry
39:11 Gold Shaft Mining
38:28 Stone Mining
38:39 Arbalester
39:30 Bracer
41:36 Conscription
42:37 Caravan
45:01 Chemistry
44:33 Architecture
44:18 Bow Saw
45:38 Siege Engineers
47:06 Two-Man Saw
47:55 Torsion Engines
48:59 Ring Archer Armor
51:16 Scale Mail Armor
51:27 Forging
51:19 Squires
51:04 Arson
[HK2] CroWent
10:36 Feudal Age
9:59 Loom
14:45 Castle Age
17:00 Fletching
20:44 Double-Bit Axe
22:12 Horse Collar
23:20 Crossbowman
25:28 Padded Archer Armor
26:41 Wheelbarrow
26:35 Bow Saw
26:45 Heavy Plow
27:59 Leather Archer Armor
28:13 Hand Cart
28:12 Bodkin Arrow
28:42 Ballistics
28:30 Gold Mining
29:11 Thumb Ring
33:16 Imperial Age
30:34 Town Watch
30:15 Elite Skirmisher
31:58 Masonry
33:46 Arbalester
34:34 Bracer
35:04 Ring Archer Armor
34:59 Stone Mining
36:47 Crop Rotation
37:23 Chemistry
35:53 Light Cavalry
36:43 Bloodlines
36:36 Husbandry
37:39 Two-Man Saw
36:40 Town Watch
37:27 Ring Archer Armor
36:58 Scale Mail Armor
37:16 Bloodlines
38:04 Husbandry
37:26 Hussar
38:19 Town Patrol
38:48 Forging
38:43 Scale Barding Armor
40:18 Iron Casting
40:34 Architecture
43:44 Blast Furnace
43:04 Chain Barding Armor
45:51 Pirotechnia
46:17 Hoardings
46:02 Conscription
45:03 Elite Genoese Crossbowman
46:31 Plate Barding Armor
[HK2] Yautja_SS
6:08 Loom
9:11 Feudal Age
10:54 Double-Bit Axe
11:14 Horse Collar
15:06 Wheelbarrow
18:34 Castle Age
17:00 Gold Mining
18:07 Bloodlines
18:06 Scale Barding Armor
19:14 Bow Saw
20:00 Husbandry
26:09 Chain Barding Armor
27:32 Hand Cart
28:39 Forging
30:32 Heavy Plow
33:17 Imperial Age
32:27 Gold Shaft Mining
32:36 Iron Casting
34:12 Plate Barding Armor
34:21 Conscription
34:00 Heavy Camel Rider
35:42 Blast Furnace
36:03 Fletching
36:35 Ballistics
37:16 Chemistry
37:25 Kamandaran
37:27 Padded Archer Armor
37:56 Bodkin Arrow
38:13 Masonry
38:43 Thumb Ring
37:59 Crossbowman
42:27 Leather Archer Armor
44:43 Ring Archer Armor
45:05 Caravan
56:05 Two-Man Saw
Connection lost

Rejoining the realm…

Still unreachable

The connection could not be restored.

Session expired

The server has moved on; the page needs a fresh start.